 Dungeon Crawl Stone Soup version 0.27.1-35-g4d5d836560 (webtiles) character file.

Game seed: 10702835451630661972

801 Delamore the Covert (level 7, -6/45 HPs)
             Began as an Octopode Brigand on Apr 13, 2022.
             Mangled by a two-headed ogre (29 damage)
             ... on level 5 of the Dungeon.
             The game lasted 00:03:41 (5225 turns).

Delamore the Covert (Octopode Brigand)              Turns: 5225, Time: 00:03:42

Health: -6/45      AC:  1    Str: 10    XL:     7   Next: 90%
Magic:  7/7        EV: 12    Int: 14    God:
Gold:   263        SH:  5    Dex: 15    Spells: 6/6 levels left

rFire    . . .     SeeInvis .   m - +2 short sword (elec)
rCold    . . .     Faith    .   (no shield)
rNeg     + . .     Spirit   .   (helmet restricted)
rPois    .         Reflect  +   e - amulet of reflection
rElec    .         Harm     .   p - ring of positive energy
rCorr    .         Rampage  .   (no ring)
Will     .....                  (no ring)
Stlth    +++++.....             (no ring)
HPRegen  0.15/turn              (no ring)
MPRegen  0.10/turn              (no ring)
                                (no ring)
                                (no ring)

@: no status effects
A: almost no armour, amphibious, 8 rings, camouflage 1, gelatinous body 1,
(nimble swimmer 1), tentacles
a: no special abilities


You were on level 5 of the Dungeon.
You visited 1 branch of the dungeon, and saw 5 of its levels.

You collected 263 gold pieces.

Inventory:

Hand Weapons
 a - a +2 dagger
 i - a +0 dagger of speed
 m - a +2 short sword of electrocution (weapon)
Missiles
 b - 20 poisoned darts (quivered)
 c - 2 curare-tipped darts
Jewellery
 e - an amulet of reflection (around mantle)
 o - an amulet of magic regeneration
 p - a ring of positive energy (left tentacle)
Scrolls
 d - a scroll of teleportation
 k - 5 scrolls of fear
 n - a scroll of immolation
 t - a scroll of amnesia {unknown}
Potions
 f - 2 potions of heal wounds
 g - 3 potions of might {unknown}
 h - a potion of lignification {unknown}
 j - 3 potions of ambrosia {unknown}
 l - a potion of magic {unknown}
 q - a potion of haste {unknown}
 s - a potion of attraction {unknown}


   Skills:
 - Level 2.0 Fighting
 * Level 7.3 Short Blades
 - Level 2.0 Throwing
 - Level 1.0 Dodging
 + Level 8.8 Stealth


You had 6 spell levels left.
You didn't know any spells.
Your spell library was empty.

Dungeon Overview and Level Annotations

Branches:
Dungeon (5/15)
 Temple: D:4-7

Altars:
Uskayaw


Innate Abilities, Weirdness & Mutations

You cannot wear most types of armour.
You are amphibious.
You can wear up to eight rings at the same time.
Your skin changes colour to match your surroundings (Stealth+).
Your rubbery body absorbs attacks. (AC +1, EV +1)
((You are camouflaged near water. (Stealth+)))
You have tentacles for arms and can constrict up to eight enemies at once.


Message History

The hound barks!
The hound bites you. The hound closely misses you.
You see here a fuming purple potion.
You closely miss the hound. You grab the hound. You constrict the hound.
The hound barely misses you.
You hit the hound.
The hound is moderately wounded.
You constrict the hound. You block the hound's attack.
You puncture the hound!
The hound is severely wounded.
You constrict the hound. The hound bites you.
You hit the hound.
You kill the hound!
No target in view!
No target in view!
No target in view!
No target in view!
No target in view!
No target in view!
No target in view!
A two-headed ogre comes into view. It is wielding two +0 giant clubs.
A two-headed ogre is nearby!
A two-headed ogre is nearby!
You barely miss the two-headed ogre. You squeeze the two-headed ogre.
The two-headed ogre is lightly wounded.
You block the two-headed ogre's attack.
The two-headed ogre completely misses you.
You hit the two-headed ogre but do no damage.
You squeeze the two-headed ogre!
The two-headed ogre is moderately wounded.
You barely miss the two-headed ogre.
The two-headed ogre is moderately wounded.
You block the two-headed ogre's attack. The two-headed ogre closely misses you.
You hit the two-headed ogre.
The two-headed ogre is moderately wounded.
You hit the two-headed ogre.
The two-headed ogre is moderately wounded.
The two-headed ogre hits you with a +0 giant club!! x2
Ouch! That really hurt!
You die...

..# #.# ..# #.#
..####### #.# #
........########.#.#
#.............!..#.#.#
#.##........####.....#
.........#### #.#####
..##....## #.#
####..#.# #@# ######
#≈#O# #P# #≈#.# #≈#
###.# ≈≈≈ #.# .# #P#
#.# . #.# ..# # ### #


You could see a two-headed ogre.

Vanquished Creatures
  An ice beast (D:3)
  A necrophage (D:4)
  A phantom (D:5)
  A scorpion (D:4)
  A bullfrog zombie (D:5)
  2 jellies (D:5)
  An orc priest (D:4)
  3 hounds
  2 iguanas (D:4)
  8 adders
  A shadow imp (D:5)
  2 white imps (D:5)
  An adder skeleton (D:4)
  7 worms
  A dart slug (D:4)
  10 orcs
  5 bats
  5 endoplasms
  3 giant cockroaches
  10 goblins
  15 hobgoblins
  4 quokkas
  8 ball pythons
  4 frilled lizards
  14 kobolds
  7 rats
118 creatures vanquished.

Vanquished Creatures (others)
  11 fungi (D:5)
11 creatures vanquished.

Grand Total: 129 creatures vanquished

Notes
Turn   | Place    | Note
-------+----------+-------------------------------------------
     0 | D:1      | Delamore the Octopode Brigand began the quest for the Orb.
     0 | D:1      | Reached XP level 1. HP: 14/14 MP: 1/1
   340 | D:1      | Reached XP level 2. HP: 19/19 MP: 2/2
   861 | D:1      | Found a faded altar of an unknown god.
  1059 | D:1      | Reached XP level 3. HP: 24/24 MP: 3/3
  1297 | D:2      | Reached skill level 6 in Stealth
  1500 | D:2      | Reached XP level 4. HP: 29/29 MP: 4/4
  2413 | D:3      | Reached XP level 5. HP: 33/34 MP: 5/5
  3021 | D:3      | Noticed an ice beast
  3028 | D:3      | Killed an ice beast
  3029 | D:3      | Reached skill level 5 in Short Blades
  3029 | D:3      | Reached skill level 7 in Stealth
  3029 | D:3      | Reached XP level 6. HP: 39/39 MP: 6/6
  3917 | D:4      | Found a hide-covered altar of Uskayaw.
  4022 | D:4      | Reached XP level 7. HP: 39/45 MP: 7/7
  4139 | D:4      | Reached skill level 8 in Stealth
  4435 | D:5      | Entered Level 5 of the Dungeon
  4686 | D:5      | HP: 2/45 [white imp/puff of frost (12)]
  5214 | D:5      | Noticed a two-headed ogre
  5225 | D:5      | Mangled by a two-headed ogre

Illustrated notes

Levels and vault maps discovered:
D:1:      ncdulo_lavacross, layout_basic, basic_ecumenical_altar
D:2:      layout_loops_cross, minmay_pentomino_w4
D:3:      layout_loops_cross, grunt_decor_resistance, chequers_arboretum
D:4:      layout_gridville, nicolae_uskayaw_murder_on_the_dancefloor,
          kennysheep_small_spiral, minmay_stone_trees_small,
          nicolae_zen_rock_garden, minmay_joined_circles
D:5:      layout_loops_ring, serial_aquarium, aquarium_bridge_square
          [aquarium_subvault_balcony, aquarium_subvault_wall,
          aquarium_subvault_wall, aquarium_subvault_bridge], aquarium_window_1,
          aquarium_window_1, aquarium_view_4, aquarium_balcony_3b,
          aquarium_pool_2, amcnicky_mini_pool_small

Skill      XL: |  1  2  3  4  5  6  7 |
---------------+----------------------+-----
Short Blades   | 3 4 5 6 7 |  7.3
Stealth        | 6 7 8 |  8.8
Fighting       | |  2.0
Throwing       | |  2.0
Dodging        | |  1.0

Action                   |  1- 3 |  4- 6 |  7- 9 || total
-------------------------+-------+-------+-------++-------
Melee: Dagger            |    65 |    67 |       ||   132
       Constrict         |    12 |    26 |     5 ||    43
       Tentacles         |     8 |    21 |     5 ||    34
       Short sword       |       |    53 |    47 ||   100
  Use: Scroll            |     1 |     2 |     1 ||     4
       Potion            |       |       |     1 ||     1
 Stab: Sleeping          |    15 |    23 |     5 ||    43
Armor: Skin              |     2 |     8 |     1 ||    11
Dodge: Dodged            |    17 |    27 |    11 ||    55
Block: Other             |     5 |    17 |     6 ||    28
